 Dungeon Crawl Stone Soup version 0.23-a0-860-g8ff03fb (webtiles) character file.

4749 NormalPerson7T the Destroyer (level 10, -8/53 HPs)
             Began as a Tengu Conjurer on Jan 27, 2019.
             Was a Follower of Vehumet.
             Killed by the air
             ... invoked by Gastronok
              (59 damage)
             ... on level 8 of the Dungeon.
             The game lasted 00:31:59 (11434 turns).

NormalPerson7T the Destroyer (Tengu Conjurer)      Turns: 11434, Time: 00:32:00

Health: -8/53      AC:  8    Str: 10    XL:     10   Next: 46%
Magic:  5/20       EV: 21    Int: 18    God:    Vehumet [*.....]
Gold:   277        SH:  0    Dex: 14    Spells: 10/22 levels left

rFire    + . .     SeeInvis .   m - +2 short sword (speed)
rCold    + . .     Gourm    .   (no shield)
rNeg     . . .     Faith    .   s - +2 robe {rC+ rF+}
rPois    .         Spirit   .   (helmet restricted)
rElec    .         Reflect  .   x - +0 cloak
rCorr    .         Harm     .   w - +2 pair of gloves {archery}
MR       .....                  (boots unavailable)
Stlth    ++........             (no amulet)
HPRegen  0.17/turn              v - ring of wizardry
MPRegen  0.17/turn              E - +1 ring of evasion

@: flying quickly and evasively, quick
A: beak, talons 3, able to fly
a: Stop Flying, Renounce Religion


You were on level 8 of the Dungeon.
You worshipped Vehumet.
Vehumet was aware of your devotion.
You were not hungry.

You visited 2 branches of the dungeon, and saw 9 of its levels.

You collected 434 gold pieces.
You spent 157 gold pieces at shops.

Inventory:

Hand Weapons
 m - a +2 short sword of speed (weapon)
Armour
 s - a +2 robe of resistance (worn)
 w - a +2 pair of gloves of archery (worn)
 x - a +0 cloak (worn)
Jewellery
 u - an uncursed ring of resist corrosion
 v - a ring of wizardry (left hand)
 E - a +1 ring of evasion (right hand)
 F - an uncursed ring of protection from fire
Wands
 f - a wand of iceblast (17)
 i - a wand of flame (18)
 q - a wand of scattershot (4)
Scrolls
 b - a scroll of noise {!r!r}
 d - 2 scrolls of enchant weapon
 h - a scroll of amnesia {unknown}
 n - a scroll of enchant armour {unknown}
 o - a scroll of random uselessness {unknown}
 p - a scroll of fog
 r - 5 scrolls of remove curse
 t - 2 scrolls of teleportation
Potions
 a - 2 potions of lignification {!q}
 c - 3 potions of curing
 g - 2 potions of agility
 j - a potion of brilliance
 k - a potion of might {unknown}
 l - a potion of magic {unknown}
 z - a potion of berserk rage
Comestibles
 e - 19 rations


   Skills:
 + Level 2.2 Fighting
 + Level 7.9 Dodging
 - Level 2.0 Stealth
 + Level 6.6 Spellcasting
 * Level 13.4 Conjurations
 - Level 2.0 Hexes
 + Level 3.8 Evocations


You had 10 spell levels left.
You knew the following spells:

 Your Spells              Type           Power        Failure   Level  Hunger
a - Magic Dart            Conj           ####         1%          1    None
f - Fulminant Prism       Conj/Hex       ####......   1%          4    ####...
r - Searing Ray           Conj           ######       1%          2    None
x - Iskenderun's Mystic   Conj           ######..     1%          4    ####...
Q - Animate Skeleton      Necr           N/A          4%          1    None

Your spell library contained the following spells:

 Spells                   Type           Power        Failure   Level  Hunger
 Flame Tongue             Conj/Fire      ####.        1%          1    None
 Confusing Touch          Hex            ##....       1%          1    None
 Corona                   Hex            ##.....      1%          1    None
 Dazzling Spray           Conj/Hex       ####..       1%          3    ##.....
 Force Lance              Conj/Tloc      ####....     2%          4    ####...
 Apportation              Tloc           #.....       4%          1    None
 Summon Small Mammal      Summ           #...         4%          1    None
 Ensorcelled Hibernation  Hex/Ice        #.....       4%          2    None
 Confuse                  Hex            ##......     6%          3    ##.....
 Tukima's Dance           Hex            ##......     6%          3    ##.....


Dungeon Overview and Level Annotations

Branches:
Dungeon (8/15)             Temple (1/1) D:5
   Lair: D:8-11

Altars:
Ashenzari
Cheibriados
Dithmenos
Elyvilon
Fedhas
Gozag
Hepliaklqana
Qazlal
Ru
Sif Muna
Uskayaw
Vehumet
Xom
Yredelemnul
Zin
The Shining One

Shops:
D:6 *

Annotations:
D:2 1 runed translucent door, exclusion: downstairs, Crazy Yiuf
D:8 Gastronok


Innate Abilities, Weirdness & Mutations

You have a beak for a mouth.
You have claws for feet.
You can fly continuously.


Message History

Your fulminant prism explodes!
Vehumet accepts your kill.
You feel a bit more experienced.
The killer bee stings you but does no damage.
You hear an angry buzzing noise.
The searing ray hits the killer bee.
The killer bee is almost dead.
A killer bee comes into view.
The killer bee completely misses you. x2
The searing ray hits the killer bee!
You kill the killer bee!
Vehumet accepts your kill.
You feel your power returning.
There is a stone staircase leading up here.
You see here a killer bee corpse.
Gastronok the Ponderous comes into view.
Gastronok waves his eye-stalks in wide circles.
The air twists around and violently strikes you in flight!
Ouch! That really hurt!
You die...

≈y.≈ow≈.≈≈≈≈..
.≈ohlZh≈≈≈≈≈≈
≈≈≈≈≈≈≈≈.≈≈≈
≈≈≈≈≈≈≈hh..
..≈≈≈≈≈≈≈[
...≈≈†≈≈≈ #
#.†..########..
#.@!.......#
#..†.....#
#........#
#........#
#....<...#
#!.....<.#
#........#
#.......[#
##########


You could see Gastronok, a wolf, an iguana, 3 hounds, a killer bee (wandering),
2 orcs and a hound skeleton.

Vanquished Creatures
  An unseen horror (D:7)
  Joseph (D:7)
  Grinder (D:5)
  2 hippogriffs
  Sigmund (D:2)
  Eustachio (D:5)
  Duvessa (D:7)
  An orc warrior (D:3)
  A sky beast (D:7)
  A black bear (D:7)
  A phantom (D:3)
  4 centaurs
  A wolf (D:8)
  Blork the orc (D:4)
  6 bullfrogs
  Dowan (D:7)
  A scorpion (D:4)
  6 killer bees (D:8)
  4 wights (D:6)
  A howler monkey (D:4)
  2 electric eels (D:8)
  7 crimson imps
  A jelly (D:8)
  2 bullfrog zombies (D:6)
  3 orc priests
  4 hounds
  An iguana (D:7)
  4 orc wizards
  A centaur skeleton (D:5)
  Natasha (twice) (D:2)
  3 worker ants
  A killer bee zombie (D:5)
  2 hound skeletons
  3 gnolls (D:4)
  9 adders
  A shadow imp (D:5)
  3 oozes
  A worm (D:2)
  A dart slug (D:2)
  5 leopard geckos
  15 orcs
  A ball python (D:4)
  3 bats
  8 giant cockroaches
  5 hobgoblins (D:1)
  3 jackals (D:1)
  2 quokkas
  6 frilled lizards
  8 goblins
  7 kobolds
  A quokka zombie (D:7)
  2 rats
154 creatures vanquished.

Vanquished Creatures (others)
  22 fulminant prisms
22 creatures vanquished.

Grand Total: 176 creatures vanquished

Notes
Turn   | Place    | Note
-------+----------+-------------------------------------------
     0 | D:1      | NormalPerson7T the Tengu Conjurer began the quest for the
                  | Orb.
     0 | D:1      | Reached XP level 1. HP: 10/10 MP: 4/4
   392 | D:1      | Reached XP level 2. HP: 15/15 MP: 0/6
   554 | D:1      | Learned a level 2 spell: Searing Ray
   894 | D:1      | Reached XP level 3. HP: 15/19 MP: 1/7
  1111 | D:1      | Reached skill level 6 in Conjurations
  1293 | D:2      | Noticed Sigmund
  1391 | D:2      | Found a faded altar of an unknown god.
  1838 | D:2      | Found a blossoming altar of Fedhas.
  1919 | D:2      | Noticed Natasha
  1925 | D:2      | Killed Natasha
  1925 | D:2      | Reached XP level 4. HP: 13/24 MP: 1/9
  1982 | D:2      | Killed Sigmund
  1982 | D:2      | Reached skill level 7 in Conjurations
  1982 | D:2      | Gained mutation: You can fly continuously. [Tengu growth]
  1982 | D:2      | Reached XP level 5. HP: 28/28 MP: 7/10
  1982 | D:2      | Reached XP level 6. HP: 32/32 MP: 7/11
  2496 | D:2      | Found a runed translucent door.
  2497 | D:2      | Noticed Crazy Yiuf
  2640 | D:2      | Noticed Natasha
  2653 | D:2      | Killed Natasha
  2920 | D:3      | Noticed an orc warrior
  2991 | D:3      | Found a shimmering altar of Xom.
  3037 | D:3      | Learned a level 4 spell: Iskenderun's Mystic Blast
  3042 | D:3      | Learned a level 4 spell: Fulminant Prism
  3053 | D:3      | Reached skill level 8 in Conjurations
  3273 | D:3      | Noticed a phantom
  3292 | D:3      | Killed a phantom
  3292 | D:3      | Reached skill level 1 in Hexes
  3292 | D:3      | Reached XP level 7. HP: 28/36 MP: 0/13
  4086 | D:3      | Found a deep blue altar of Sif Muna.
  4096 | D:3      | Reached skill level 9 in Conjurations
  4100 | D:3      | Identified Sif Muna's Reference Book on Summoning
  5088 | D:4      | Noticed Blork the orc
  5573 | D:4      | Reached XP level 8. HP: 36/41 MP: 15/15
  5623 | D:4      | Reached skill level 5 in Dodging
  6009 | D:4      | Killed Blork the orc
  6489 | D:5      | Entered Level 5 of the Dungeon
  6541 | D:5      | Reached skill level 10 in Conjurations
  6862 | D:5      | Noticed Grinder
  6907 | D:5      | Killed Grinder
  7033 | D:5      | Found a staircase to the Ecumenical Temple.
  7033 | D:5      | Noticed a hippogriff
  7040 | D:5      | Killed a hippogriff
  7040 | D:5      | Reached skill level 5 in Spellcasting
  7053 | Temple   | Entered the Ecumenical Temple
  7328 | Temple   | Became a worshipper of Vehumet
  7395 | D:5      | Reached skill level 11 in Conjurations
  7395 | D:5      | Reached XP level 9. HP: 45/45 MP: 9/17
  7838 | D:5      | Noticed Eustachio
  7849 | D:5      | Killed Eustachio
  8575 | D:6      | Found Kann's Assorted Antiques.
  8583 | D:6      | Bought a pair of glowing gloves for 157 gold pieces
  8739 | D:6      | Found a snail-covered altar of Cheibriados.
  8739 | D:6      | Found a shattered altar of Ashenzari.
  8740 | D:6      | Found a shadowy altar of Dithmenos.
  8805 | D:6      | Reached skill level 1 in Evocations
  9170 | D:6      | Reached * piety under Vehumet
  9170 | D:6      | Offered knowledge of Flame Tongue by Vehumet.
  9170 | D:6      | Reached skill level 12 in Conjurations
  9257 | D:7      | Noticed Duvessa
  9326 | D:7      | Killed an unseen horror
  9638 | D:7      | Found a stormy altar of Qazlal.
  9837 | D:7      | Noticed Joseph
  9889 | D:7      | Reached XP level 10. HP: 39/50 MP: 10/20
 10072 | D:7      | Killed Joseph
 10072 | D:7      | Reached skill level 1 in Fighting
 10307 | D:7      | Learned a level 1 spell: Animate Skeleton
 10385 | D:7      | Reached skill level 13 in Conjurations
 10552 | D:7      | Noticed Dowan
 10559 | D:7      | Killed Duvessa
 10567 | D:7      | Killed Dowan
 11434 | D:8      | Noticed Gastronok
 11434 | D:8      | Killed from afar by Gastronok

Vault maps used:
D:1:      dpeg_arrival_erosion, kennysheep_boxes
D:2:      fedhas_altar_2, chequers_ecumenical_altar_simple_redux,
          kennysheep_generic_room_13, uniq_sigmund, uniq_crazy_yiuf_cottage,
          uniq_natasha
D:3:      led_sif_book, led_xom_imps
D:4:      serial_curves, eino_curves_01, eino_curves_02, uniq_blork_the_orc
D:5:      minmay_temple_entry_glassed_door, first_ration, uniq_grinder,
          uniq_eustachio
D:6:      gammafunk_temple_overflow_claw, serial_shops, shop
D:7:      kennysheep_mini_moat, uniq_duvessa, uniq_joseph
D:8:      grunt_temple_overflow_open, makhleb_blood_cavern_becter,
          erik_lair_island, st_stairs_7, uniq_gastronok
Temple:   compressed_dpeg_circular_temple

Skill      XL: |  1  2  3  4  5  6  7  8  9 10 |
---------------+-------------------------------+-----
Conjurations   | 6 7 8 9 11 12 13 | 13.4
Dodging        | 3 4 6 7 |  7.9
Spellcasting   | 3 4 5 6 |  6.6
Hexes          | 1 2 |  2.0
Evocations     | 2 3 |  3.8
Fighting       | 2 |  2.2
Stealth        | |  2.0

Action                   |  1- 3 |  4- 6 |  7- 9 | 10-12 || total
-------------------------+-------+-------+-------+-------++-------
Melee: Kick              |     4 |     2 |    12 |       ||    18
       Unarmed           |     2 |       |       |       ||     2
       Short sword       |     5 |     8 |    47 |     2 ||    62
       Peck              |       |     3 |     4 |     1 ||     8
 Cast: Magic Dart        |    53 |    41 |    81 |     9 ||   184
       Searing Ray       |     3 |     4 |    36 |     9 ||    52
       Iskenderun's Myst |       |       |     9 |     8 ||    17
       Fulminant Prism   |       |       |    10 |    12 ||    22
       Animate Skeleton  |       |       |       |     2 ||     2
 Abil: Fly               |       |     1 |       |       ||     1
Evoke: Wand              |       |       |     1 |     3 ||     4
  Use: Potion            |       |     5 |     1 |       ||     6
       Scroll            |       |       |     7 |     1 ||     8
 Stab: Sleeping          |       |       |     2 |       ||     2
  Eat: Chunk             |     4 |     4 |    16 |     7 ||    31
       Ration            |       |       |     2 |       ||     2
Armor: Robe              |       |     2 |    14 |     2 ||    18
Dodge: Dodged            |    19 |    12 |    80 |    24 ||   135

Table legend:
 A = Non-vault XP
 B = Vault XP
 C = Vault XP percentage of total XP
 D = Non-vault monster count
 E = Vault monster count
 F = Vault count percentage of total count
                 A         B        C        D         E       F
            +---------+---------+-------+---------+---------+-------
      Total |    4515 |    2270 |  33.5 |     135 |      19 |  12.3
            +---------+---------+-------+---------+---------+-------
        D:1 |      40 |       0 |   0.0 |      22 |       0 |   0.0
        D:2 |     138 |     265 |  65.8 |      17 |       3 |  15.0
        D:3 |     353 |     278 |  44.1 |      22 |       6 |  21.4
        D:4 |     325 |      96 |  22.8 |      19 |       1 |   5.0
        D:5 |     765 |     488 |  38.9 |      11 |       2 |  15.4
        D:6 |     777 |       0 |   0.0 |      15 |       0 |   0.0
        D:7 |    1438 |     680 |  32.1 |      13 |       3 |  18.8
        D:8 |     679 |     463 |  40.5 |      16 |       4 |  20.0
            +---------+---------+-------+---------+---------+-------
